 Dungeon Sprint DCSS version 0.27-a0-1196-g3e9cee4cb2 (webtiles) character file.

Game seed: 9443349712358261760

17756 mhtbhm the Eclecticist (level 12, -8/76 HPs)
             Began as a Djinni Fire Elementalist on May 28, 2021.
             Was the Champion of Makhleb.
             Mangled by an orc high priest
             ... wielding a +0 mace
              (12 damage)
             ... in the Dungeon (Sprint III: "The Ten Rune Challenge").
             The game lasted 00:09:53 (3465 turns).

mhtbhm the Eclecticist (Djinni Fire Elementalist)   Turns: 3465, Time: 00:09:54

Health: -8/76      AC:  3    Str:  7    XL:     12   Next: 86%
Gold:   1122       EV: 18    Int: 29    God:    Makhleb [******] SH:  0 Dex: 15

rFire    + + .     SeeInvis .   l - +2 long sword (holy)
rCold    . . .     Faith    .   (no shield)
rNeg     . . .     Spirit   .   a - +1 robe {rPois}
rPois    ∞         Reflect  .   (no helmet)
rElec    +         Harm     .   (no cloak)
rCorr    .         Rampage  .   (no gloves)
Will     +....     NoTele   +   (boots unavailable)
Stlth    ++++......             r - amulet of Fedhas's Pride {Acrobat rElec rC+ Will+}
HPRegen  0.22/turn              j - ring of fire
MPRegen  0.00/turn              s - ring "Rivaj" {rElec rF- rC+ Will- Int+8}

@: flying, studying 2 skills
A: sickness immunity, fire resistance 2, cold vulnerability 1, float, innate
caster, hp casting, extra vitality 1
a: Renounce Religion, Minor Destruction, Lesser Servant of Makhleb, Major
Destruction, Greater Servant of Makhleb


You were in the Dungeon.
You worshipped Makhleb.
Makhleb was exalted by your worship.
You visited 1 branch You collected 1122 gold pieces.

Inventory:

Hand Weapons
 l - a +2 long sword of holy wrath (weapon)
Missiles
 u - 7 curare-tipped darts (quivered)
Armour
 a - a +1 robe of poison resistance (worn)
Jewellery
 j - a ring of fire (left hand)
 r - the amulet of Fedhas's Pride (around neck) {Acrobat rElec rC+ Will+}
   (You found it in the Dungeon)

   [amulet of the acrobat]

   It increases your evasion while moving and waiting.
   It protects you from cold.
   It insulates you from electricity.
   It increases your willpower.
 s - the ring "Rivaj" (right hand) {rElec rF- rC+ Will- Int+8}
   (You found it in the Dungeon)

   [ring of protection from cold]

   It affects your intelligence (+8).
   It makes you vulnerable to fire.
   It protects you from cold.
   It insulates you from electricity.
   It decreases your willpower.
Wands
 m - a wand of polymorph (9)
 t - a wand of iceblast (6)
Scrolls
 c - 2 scrolls of holy word {unknown}
 d - a scroll of identify {unknown}
 i - a scroll of fear {unknown}
 p - 4 scrolls of amnesia {unknown}
 q - a scroll of silence {unknown}
Potions
 b - 2 potions of mutation {unknown}
 e - a potion of haste
 f - 2 potions of berserk rage
 h - 2 potions of brilliance {unknown}
 k - a potion of flight {unknown}
 n - a potion of might
Miscellaneous
 o - a condenser vane (inert)


   Skills:
 + Level 2.5 Fighting
 + Level 12.1 Dodging
 + Level 9.8 Stealth
 + Level 19.9 Spellcasting
 + Level 3.1 Evocations


You had 21 spell levels left.
You knew the following spells:

 Your Spells              Type           Power      Damage    Failure   Level
a - Foxfire               Conj/Fire      100%       2x1d9     0%          1
b - Conjure Flame         Conj/Fire      100%       6-21      0%          3
c - Inner Flame           Hex/Fire       100%       N/A       0%          3
d - Sticky Flame          Conj/Fire      100%       2d11      0%          4
e - Fireball              Conj/Fire      60%        3d23      0%          5
f - Summon Small Mammal   Summ           100%       N/A       0%          1
g - Static Discharge      Conj/Air       98%        N/A       0%          2
h - Blink                 Tloc           N/A        N/A       0%          2
i - Summon Lightning Spi  Summ/Air       98%        N/A       0%          4
j - Iskenderun's Mystic   Conj/Tloc      98%        2d19      0%          4
Your spell library was empty.

Dungeon Overview and Level Annotations

Branches:
Dungeon (1/1)

Altars:
Cheibriados
Dithmenos
Elyvilon
Fedhas
Gozag
Hepliaklqana
Kikubaaqudgha
Makhleb
Nemelex Xobeh
Okawaru
Qazlal
Ru
Sif Muna
Trog
Uskayaw
Vehumet
Wu Jian
Xom
Yredelemnul
Zin
The Shining One
Beogh
Jiyva
Lugonu

Shops:
D (


Innate Abilities, Weirdness & Mutations

You are immune to sickness and miasma.
You are immune to poison.
Your flesh is very heat resistant. (rF++)
You are vulnerable to cold. (rC-)
You float through the air rather than walking.
You learn spells naturally, not from books.
Your magical power is your life essence.
You have superior vitality. (+4 HP)


Message History

Press: ? - help, Shift-Dir - straight line, f - orc priest
Aim: an orc priest, wielding a +0 mace (wandering, hasn't noticed you)
You feel a surge of power!
The fireball explodes!
The fireball engulfs the orc priest!!
You kill the orc priest!
Makhleb accepts your kill.
You feel better.
* * * LOW HITPOINT WARNING * * *
You hear a shout!
Unknown command.
You start resting.
An orc high priest comes into view. It is wielding a +0 mace.
An orc high priest is nearby!
Unknown command.
Casting: Fireball (safe; 0% risk of failure)
Confirm with . or Enter, or press ? or * to list all spells.
Aiming: Fireball (safe; 0% risk of failure)
Press: ? - help, Shift-Dir - straight line, f - orc high priest
Aim: an orc high priest, wielding a +0 mace You feel a surge of power!
The fireball explodes!
The fireball engulfs the orc high priest!!!
The orc high priest is heavily wounded.
* * * LOW HITPOINT WARNING * * *
Unknown command.
Okay, then.
Aiming: Iceblast
Press: ? - help, Shift-Dir - straight line, f/p - orc high priest
Aim: an orc high priest, wielding a +0 mace (heavily wounded)
The mass of ice explodes!
The iceblast engulfs the orc high priest!
The orc high priest is severely wounded.
Unknown command.
Unknown command.
Unknown command.
Clouds of poison gas condense around you!
The condenser dries out!
The orc high priest is engulfed in poison gas.
The orc high priest is poisoned.
The orc high priest hits you with a +0 mace!
You die...

##.#).#.##[###.#..^^.^#
'##)#.#.##)#.)##^..^..#
#...#..#..##..'.....^.#
▓▓▓▓▓▓▓▓▓▓▓▓▓▓#.......#
.§......≈≈≈...#..^....#
§≈≈≈≈≈≈≈≈≈♣♣..'.^..^..#
♣♣♣♣♣♣♣♣♣♣♣♣PP#.....^.#
♣♣♣##§########
#.@o§§§≈≈≈# #.§§#)≈§≈≈#
#)..#.#≈§§# #####§#c≈§§
P.###≈§§


PPP# c≈≈§ .oPP# #≈≈ ....o# c≈ #+##### You could see an orc high priest
(poisoned).

Vanquished Creatures
  Sigmund (D)
  A deep elf master archer (D)
  2 deep elf demonologists (D)
  A deep elf death mage (D)
  A deep elf high priest (D)
  Erolcha (D)
  2 deep elf knights (D)
  2 orc high priests (D)
  An orc knight (D)
  2 deep elf pyromancers (D)
  3 deep elf zephyrmancers (D)
  Edmund (D)
  3 wandering mushrooms (D)
  A shadow (D)
  2 redbacks (D)
  A spatial vortex (D)
  3 orc warriors (D)
  A necrophage (D)
  5 two-headed ogres (D)
  A water elemental (D)
  2 orc priests (D)
  A jelly (D)
  A wizard (D)
  3 orc wizards (D)
  A necromancer (D)
  A kobold demonologist (D)
  3 humans (D)
  A wolf (D)
  9 orcs (D)
  2 endoplasms (D)
  2 rats (D)
61 creatures vanquished.

Vanquished Creatures (collateral kills)
  A deep elf annihilator (D)
1 creature vanquished.

Vanquished Creatures (others)
  49 foxfires (D)
  7 plants (D)
56 creatures vanquished.

Grand Total: 118 creatures vanquished

Notes
Turn   | Place    | Note
-------+----------+-------------------------------------------
     0 | D        | mhtbhm the Djinni Fire Elementalist began the quest for the
                  | Orb.
     0 | D        | Reached XP level 1. HP: 15/15 MP: 0/0
   171 | D        | Reached skill level 3 in Spellcasting
   321 | D        | Noticed a wolf
   339 | D        | Reached skill level 4 in Spellcasting
   339 | D        | Reached XP level 2. HP: 19/21 MP: 0/0
   339 | D        | Reached XP level 3. HP: 23/25 MP: 0/0
   339 | D        | Learned a level 1 spell: Summon Small Mammal
   422 | D        | Noticed a water elemental
   430 | D        | Killed a water elemental
   431 | D        | Reached skill level 6 in Spellcasting
   431 | D        | Reached XP level 4. HP: 6/31 MP: 0/0
   675 | D        | Noticed a wizard
   678 | D        | Killed a wizard
   679 | D        | Reached XP level 5. HP: 23/35 MP: 0/0
   679 | D        | Learned a level 2 spell: Static Discharge
   681 | D        | Reached skill level 7 in Spellcasting
   834 | D        | Found a glowing silver altar of Zin.
   834 | D        | Found a glowing golden altar of the Shining One.
   834 | D        | Found a white marble altar of Elyvilon.
   834 | D        | Noticed a deep elf pyromancer
   841 | D        | Killed a deep elf pyromancer
   842 | D        | Reached skill level 10 in Spellcasting
   842 | D        | Reached XP level 6. HP: 1/40 MP: 0/0
   842 | D        | Reached XP level 7. HP: 1/45 MP: 0/0
   842 | D        | Learned a level 2 spell: Blink
  1133 | D        | Found a basalt altar of Yredelemnul.
  1133 | D        | Found a shadowy altar of Dithmenos.
  1133 | D        | Found a sacrificial altar of Ru.
  1138 | D        | Reached skill level 5 in Stealth
  1138 | D        | Reached skill level 11 in Spellcasting
  1254 | D        | Found a hide-covered altar of Uskayaw.
  1254 | D        | Found an iron altar of Okawaru.
  1254 | D        | Found a bloodstained altar of Trog.
  1254 | D        | Found an ornate altar of the Wu Jian Council.
  1254 | D        | Noticed a human
  1254 | D        | Noticed a human
  1256 | D        | Killed a human
  1257 | D        | Reached XP level 8. HP: 39/50 MP: 0/0
  1257 | D        | Killed a human
  1349 | D        | Noticed a shadow
  1355 | D        | Killed a shadow
  1356 | D        | Reached skill level 12 in Spellcasting
  1500 | D        | Found a blossoming altar of Fedhas.
  1500 | D        | Found a stormy altar of Qazlal.
  1500 | D        | Found a snail-covered altar of Cheibriados.
  1500 | D        | Found a burning altar of Makhleb.
  1500 | D        | Found a shimmering altar of Xom.
  1501 | D        | Found a hazy altar of Hepliaklqana.
  1501 | D        | Found an opulent altar of Gozag.
  1501 | D        | Found a sparkling altar of Nemelex Xobeh.
  1501 | D        | Found a corrupted altar of Lugonu.
  1501 | D        | Found a viscous altar of Jiyva.
  1599 | D        | Became a worshipper of Makhleb the Destroyer
  1685 | D        | Reached XP level 9. HP: 35/56 MP: 0/0
  1685 | D        | Learned a level 4 spell: Summon Lightning Spire
  1686 | D        | Reached * piety under Makhleb
  1859 | D        | Noticed a two-headed ogre
  1863 | D        | Killed a two-headed ogre
  1864 | D        | Reached skill level 13 in Spellcasting
  1930 | D        | Noticed a two-headed ogre
  1933 | D        | Reached skill level 1 in Fighting
  1933 | D        | Noticed Erolcha
  1938 | D        | Killed a two-headed ogre
  1938 | D        | Reached ** piety under Makhleb
  1947 | D        | Killed Erolcha
  1948 | D        | Reached skill level 14 in Spellcasting
  1948 | D        | Reached XP level 10. HP: 28/62 MP: 0/0
  2241 | D        | Reached *** piety under Makhleb
  2307 | D        | Reached skill level 15 in Spellcasting
  2461 | D        | Found Feiluong's Antique Weapon Emporium.
  2461 | D        | Noticed an orc high priest
  2461 | D        | Noticed an orc high priest
  2461 | D        | Noticed an orc knight
  2462 | D        | Reached **** piety under Makhleb
  2464 | D        | Killed an orc high priest
  2464 | D        | Reached ***** piety under Makhleb
  2465 | D        | Reached skill level 10 in Dodging
  2465 | D        | Reached skill level 1 in Evocations
  2466 | D        | Killed an orc high priest
  2471 | D        | Killed an orc knight
  2472 | D        | Reached skill level 16 in Spellcasting
  2472 | D        | Reached XP level 11. HP: 29/67 MP: 0/0
  2472 | D        | Learned a level 4 spell: Iskenderun's Mystic Blast
  2692 | D        | Noticed a deep elf knight
  2692 | D        | Noticed a deep elf zephyrmancer
  2692 | D        | Noticed a deep elf knight
  2692 | D        | Noticed a deep elf zephyrmancer
  2692 | D        | Noticed a deep elf zephyrmancer
  2700 | D        | Killed a deep elf zephyrmancer
  2703 | D        | Killed a deep elf knight
  2703 | D        | Reached ****** piety under Makhleb
  2705 | D        | Killed a deep elf knight
  2706 | D        | Killed a deep elf zephyrmancer
  2707 | D        | Reached skill level 17 in Spellcasting
  2722 | D        | Killed a deep elf zephyrmancer
  2801 | D        | Identified the +6 executioner's axe "Poafeon" {protect,
                  | +Rage Will- SInv}
  2801 | D        | Noticed a deep elf annihilator
  2803 | D        | Identified the +7 long sword of Infinite Pain {flame, Will-
                  | Dex+7 SInv}
  2803 | D        | Noticed a deep elf high priest
  2821 | D        | Killed a deep elf annihilator
  2823 | D        | Identified the +1 morningstar of Twilight {distort, rN++
                  | Int+4}
  2823 | D        | Noticed a deep elf demonologist
  2827 | D        | Killed a deep elf demonologist
  2887 | D        | Noticed a deep elf master archer
  3002 | D        | Noticed a deep elf pyromancer
  3002 | D        | Noticed a deep elf death mage
  3006 | D        | Killed a deep elf death mage
  3007 | D        | Reached skill level 18 in Spellcasting
  3150 | D        | Noticed a deep elf demonologist
  3153 | D        | Killed a deep elf demonologist
  3154 | D        | Reached XP level 12. HP: 70/74 MP: 0/0
  3155 | D        | Killed a deep elf high priest
  3160 | D        | Killed a deep elf master archer
  3161 | D        | Reached skill level 19 in Spellcasting
  3326 | D        | Identified the amulet of Fedhas's Pride {Acrobat rElec rC+
                  | Will+}
  3326 | D        | Identified the ring "Rivaj" {rElec rF- rC+ Will- Int+8}
  3331 | D        | Identified the +7 arbalest of Sulphur {freeze, rC+ SInv
                  | Stlth+}
  3407 | D        | Noticed Sigmund
  3407 | D        | Noticed Edmund
  3410 | D        | Killed Sigmund
  3411 | D        | Killed Edmund
  3428 | D        | Noticed a yaktaur captain
  3428 | D        | Noticed a yaktaur captain
  3428 | D        | Noticed a yaktaur captain
  3465 | D        | Mangled by an orc high priest

Illustrated notes

Levels and vault maps discovered:
D:        dungeon_sprint_mu [sprint_mu_entry_cave, sprint_mu_temple_rooms,
          sprint_mu_d1_spiders, sprint_mu_d2_genie, sprint_mu_d3_branching,
          sprint_mu_orc_legion, sprint_mu_elf_gauntlet, sprint_mu_hive_nellie,
          sprint_mu_lair_fedhas, sprint_mu_vaults_butterflies,
          sprint_mu_slime_circle, sprint_mu_swamp_cave, sprint_mu_snake_twists,
          sprint_mu_blade_basic, sprint_mu_crypt_lich, sprint_mu_tomb_spiral,
          sprint_mu_vestibule_basic, sprint_mu_gehenna_hellfire,
          sprint_mu_dis_giant, sprint_mu_tartarus_statrot,
          sprint_mu_cocytus_islands, sprint_mu_zot1]

Skill      XL: |  1  2  3  4  5  6  7  8  9 10 11 12 |
---------------+-------------------------------------+-----
Spellcasting   | 4 6 10 11 12 14 16 18 19 | 19.9
Dodging        | 3 4 6 7 8 9 10 11 12 | 12.1
Stealth        | 2 3 4 5 6 7 9 |  9.8
Fighting       | 1 2 |  2.5
Evocations     | 1 2 3 |  3.1

Action                   |  1- 3 |  4- 6 |  7- 9 | 10-12 || total
-------------------------+-------+-------+-------+-------++-------
Melee: Long sword        |       |       |     2 |     1 ||     3
 Cast: Foxfire           |    27 |     2 |       |       ||    29
       Summon Small Mamm |     1 |       |       |       ||     1
       Sticky Flame      |       |     3 |     7 |     1 ||    11
       Fireball          |       |     3 |    26 |    48 ||    77
       Summon Lightning  |       |       |       |     4 ||     4
Evoke: Condenser vane    |       |       |     1 |     2 ||     3
       Wand              |       |       |       |     1 ||     1
  Use: Potion            |     2 |       |     2 |       ||     4
       Scroll            |       |       |       |     1 ||     1
Armor: Robe              |     1 |       |       |       ||     1
Dodge: Dodged            |     6 |       |     8 |     3 ||    17
       Rpst.: Long sword |       |       |     3 |       ||     3

Table legend: (Time is in decaauts)
 A = Elapsed time spent in this place.
 B = Non-inter-level travel time spent in this place.
 C = Inter-level travel time spent in this place.
 D = Time resting spent in this place.
 E = Time spent auto-exploring this place.
 F = Levels seen in this place.
 G = Mean time per level.
                   A        B        C        D        E       F      G
               +--------+--------+--------+--------+--------+-----+--------+
         Total |   3464 |   3464 |      0 |   2679 |    124 |   1 | 3464.0 |
       Dungeon |   3464 |   3464 |      0 |   2679 |    124 |   1 | 3464.0 |
               +--------+--------+--------+--------+--------+-----+--------+

Top non-repeatable levels by time:
       D: 3464 daAuts
